 Dungeon Crawl Stone Soup version 0.14-a0-1686-g0e827d1 (webtiles) character file.

412 CrazyArbalest the Cudgeler (level 6, -3/66 HPs)
             Began as an Ogre Berserker on Dec 30, 2013.
             Was a Believer of Trog.
             Killed from afar by Sigmund (5 damage)
             ... with a puff of flame
             ... on Level 3 of the Dungeon.
             The game lasted 00:08:45 (2163 turns).

CrazyArbalest the Cudgeler (Ogre Berserker)         Turns: 2163, Time: 00:08:45

HP  -3/66        AC  4     Str 23      XL: 6   Next: 46%
MP   6/6         EV 11     Int  7      God: Trog [**....]
Gold 92          SH  0     Dex 10      Spells:  0 memorised,  5 levels left

rFire  . . .     SeeInvis .     a - +0 mace (curse)
rCold  . . .     Clarity  .     b - +1 animal skin
rNeg   . . .     Conserve .     (shield restricted)
rPois  .         rCorr    .     (helmet restricted)
rElec  .         rRot     .     (no cloak)
SustAb . .       Spirit   .     (gloves unavailable)
rMut   .         Warding  .     (boots unavailable)
Saprov + . .     Stasis   .     (no amulet)
                                (no ring)
                                (no ring)

@: exhausted, slowed, very slow, slightly resistant to hostile enchantments,
unstealthy
A: unfitting armour, fast metabolism 1, saprovore 1, tough skin 1
a: Burn Spellbooks, Berserk, Trog's Hand, Renounce Religion


You were on level 3 of the Dungeon.
You worshipped Trog.
Trog was pleased with you.
You were very hungry.

You visited 1 branch of the dungeon, and saw 3 of its levels.

You collected 92 gold pieces.

Inventory:

Hand weapons
 a - a cursed +0,+0 mace (weapon)
 t - a -1,+0 orcish mace
Missiles
 j - 3 tomahawks (quivered)
Armour
 b - a +1 animal skin (worn)
Comestibles
 c - 3 meat rations
 k - 3 pears
 n - 2 bread rations
 p - a chunk of rat flesh
Scrolls
 d - 2 scrolls of teleportation {unknown}
 f - 3 scrolls of remove curse {unknown}
 o - 4 scrolls of enchant weapon II {unknown}
 q - a scroll of fear {unknown}
 s - 2 scrolls of recharging {unknown}
 v - a scroll of curse weapon {unknown}
Jewellery
 r - a +1 ring of protection
Potions
 h - 2 potions of curing {unknown}
 i - 2 potions of restore abilities {unknown}
 l - 2 potions of lignification {unknown}
 m - a potion of confusion {unknown}


   Skills:
 + Level 5.2 Fighting
 + Level 5.7 Maces & Flails
 + Level 0.2 Throwing
 + Level 5.1 Dodging
 + Level 1.2 Stealth


You had 5 spell levels left.
You didn't know any spells.

Dungeon Overview and Level Annotations

Branches:
Dungeon (3/16)

Altars:

Annotations:
D:3 CrazyArbalest's ghost, average OgBe; Sigmund


Innate Abilities, Weirdness & Mutations

You are too large for most types of armour.
You have a fast metabolism.
You can tolerate rotten meat.
You have tough skin (AC +1).


Message History

Read which item? (? for menu, Esc to quit)
Okay, then.
Unknown command.
Unknown command.
Read which item? (? for menu, Esc to quit)
As you read the scroll labeled OHIGRIRONE, it crumbles to dust.
Use on which item? (\ to view known items) (? for menu, Esc to quit)
r - a +1 ring of protection It was a scroll of identify.
CrazyArbalest's ghost misses you.
Sigmund points at you and mumbles some strange words.
You resist. CrazyArbalest's ghost hits you.
* * * LOW HITPOINT WARNING * * *
Read which item? (? for menu, Esc to quit)
As you read the scroll labeled PEER ASITAE, it crumbles to dust.
Use on which item? (\ to view known items) (? for menu, Esc to quit)
Your +0 animal skin glows green for a moment.
It was a scroll of enchant armour.
Sigmund gestures at you while chanting. The puff of flame hits you!
You die...

##+# #. ##...## ###.
##.....## ... ##.8...8.##
#####.### ##.8.....8.##
........#######...8...8...#.
#.........@.@p.'.....(.....'.
#........#######..$8...8...#
#........# ##.......8.#
#.......8# ##.8..)8.##
#.......<# ##.....##...
#........# ##...##....
#####........# ###'###....
....####.#.### #...# #....
<........#. ####.### #....


You could see Sigmund and CrazyArbalest's ghost.

Vanquished Creatures
  Grinder (D:3)
  A mummy (D:3)
  3 adders
  A worm (D:2)
  An ooze (D:2)
  An orc (D:3)
  3 bats
  3 giant cockroaches
  9 hobgoblins
  2 quokkas
  2 ball pythons
  2 giant geckos
  2 giant newts
  6 goblins
  6 kobolds
  7 rats
50 creatures vanquished.

Notes
Turn   | Place    | Note
--------------------------------------------------------------
     0 | D:1      | CrazyArbalest, the Ogre Berserker, began the quest for the Orb.
     0 | D:1      | Reached XP level 1. HP: 24/24 MP: 1/1
   164 | D:1      | Reached XP level 2. HP: 24/33 MP: 2/2
   511 | D:1      | Acquired Trog's second power
   767 | D:2      | Reached XP level 3. HP: 40/40 MP: 3/3
  1158 | D:2      | Reached XP level 4. HP: 26/49 MP: 4/4
  1825 | D:3      | Noticed CrazyArbalest's ghost (average OgBe)
  1838 | D:3      | HP: 2/49 [orc/orcish morningstar (10)]
  1840 | D:3      | Noticed Grinder
  1841 | D:3      | Noticed Sigmund
  2151 | D:3      | Killed Grinder
  2151 | D:3      | Reached skill level 5 in Fighting
  2151 | D:3      | Reached skill level 5 in Maces & Flails
  2151 | D:3      | Reached skill level 5 in Dodging
  2151 | D:3      | Reached skill level 1 in Stealth
  2151 | D:3      | Reached XP level 5. HP: 57/57 MP: 5/5
  2151 | D:3      | Reached XP level 6. HP: 66/66 MP: 6/6
  2162 | D:3      | HP: 2/66 [CrazyArbalest's ghost (6)]
  2163 | D:3      | Killed from afar by Sigmund

Action                   |  1- 3 |  4- 6 || total
-------------------------+-------+-------++-------
Melee: Mace              |   109 |    55 ||   164
Throw: Tomahawk          |       |     3 ||     3
Invok: Berserk           |       |     1 ||     1
  Use: Scroll            |       |     2 ||     2
